Map: Ulrena

Players

DerSalayman - Winner!

  • Race: Terran Terran
  • League: Silver

Laszaka

  • Race: Terran Terran
  • League: Gold

VOD

Have the link to the VOD?

Description

Time

  • Played on: May 23, 2016, 10:21 a.m.
  • Length: 12:39
Show
View Real Time Build Order
Export as new Build Order

DerSalayman Terran - Winner!

Build Orders: Command Center First (CC), MMM Bio 

Get SALT Encoding   

  12  0:00  SCV  
  13  0:13  SCV  
  14  0:18  Supply Depot  
  14  0:25  SCV  
  15  0:40  SCV  
  16  0:52  SCV  
  17  1:04  SCV  
  17  1:07  Command Center  
  18  1:17  Barracks  
  18  1:18  SCV  
  19  1:27  Refinery  
  19  1:30  SCV  
  20  1:41  Barracks  
  20  1:42  SCV  
  21  1:55  SCV  
  22  2:07  Orbital Command  
  22  2:09  Marine  
  23  2:19  Orbital Command  
  23  2:26  Marine  
  23  2:28  Marine  
  25  2:34  SCV  
  26  2:42  Barracks  
  26  2:45  Barracks Tech Lab  
  26  2:46  SCV  
  26  2:48  Barracks Reactor  
  27  2:53  Engineering Bay  
  27  2:55  SCV  
  28  2:58  SCV  
  29  3:05  Marine  
  29  3:07  SCV  
  29  3:09  Combat Shields  
  29  3:10  SCV  
  33  3:20  SCV  
  33  3:22  SCV  
  33  3:23  Marine  
  35  3:27  Marine x2  
  35  3:30  Barracks Reactor  
  35  3:32  SCV  
  38  3:38  Supply Depot  
  38  3:42  SCV, Marine  
  38  3:44  SCV  
  38  3:45  Marine x2  
  43  3:54  SCV  
  44  3:56  SCV  
  44  4:01  Command Center  
  44  4:02  Marine x2  
  46  4:03  Bunker, Marine  
  46  4:06  SCV  
  46  4:08  SCV  
  50  4:10  Marine x2  
  53  4:24  SCV x2  
  54  4:45  Bunker  
  54  4:51  Marine x5  
  54  4:52  SCV x2  
  61  4:55  Supply Depot  
  61  5:04  Supply Depot  
  61  5:06  SCV  
  62  5:13  SCV, Marine x4  
  62  5:14  Orbital Command  
  67  5:18  Supply Depot, SCV  
  67  5:19  Terran Infantry Weapons Level 1  
  67  5:21  Stimpack  
  68  5:25  SCV  
  68  5:26  Engineering Bay  
  68  5:27  Supply Depot  
  69  5:28  Marine  
  69  5:30  SCV  
  69  5:31  Marine x4  
  75  5:36  Barracks  
  75  5:37  SCV  
  75  5:42  SCV  
  77  5:43  Supply Depot  
  77  5:49  SCV  
  78  5:52  Supply Depot  
  78  5:54  SCV  
  78  5:55  SCV  
  80  6:01  SCV  
  81  6:06  SCV  
  81  6:07  Marine x5  
  81  6:08  SCV  
  88  6:14  SCV  
  88  6:16  Command Center  
  89  6:19  Barracks  
  89  6:22  Factory  
  89  6:24  Terran Infantry Armor Level 1, Marine  
  89  6:25  Marine x4  
  94  6:36  Barracks x2  
  94  6:42  Marine x2  
  94  6:45  Supply Depot  
  94  6:46  Supply Depot, Marine x3  
  99  6:48  SCV x3  
  101  7:00  SCV x2, Marine x2  
  101  7:01  SCV  
  100  7:04  Barracks Reactor, Marine x3  
  100  7:08  Supply Depot, Barracks Reactor  
  98  7:09  Supply Depot  
  98  7:12  SCV  
  98  7:13  SCV  
  100  7:18  Marine x2  
  100  7:22  Marine x3  
  105  7:31  Supply Depot  
  105  7:33  Supply Depot  
  105  7:40  SCV  
  106  7:44  Barracks  
  106  7:52  SCV  
  106  7:53  Barracks Tech Lab  
  106  7:55  Barracks Reactor  
  107  7:58  Barracks Reactor  
  107  7:59  Marine x6  
  107  8:00  Marine x3  
  107  8:04  SCV  
  117  8:16  Marine  
  117  8:17  SCV, Barracks, Marine x7  
  117  8:18  Barracks, Marine  
  127  8:30  Orbital Command  
  127  8:33  Barracks  
  127  8:34  Marine x2  
  127  8:35  Marine x7  
  127  8:36  Marine  
  127  8:37  Marine x4  
  118  8:52  Marine x3  
  118  8:53  Marine x6  
  118  8:54  Marine  
  118  8:55  Marine x3  
  110  9:09  Marine  
  106  9:10  Marine x4  
  106  9:11  Marine x5  
  106  9:12  Marine x2  
  106  9:13  Marine x2  
  119  9:22  Barracks  
  119  9:23  Barracks  
  113  9:25  Barracks x2  
  113  9:26  Barracks  
  113  9:27  Marine  
  113  9:28  Marine x5  
  113  9:29  Marine x4  
  113  9:30  Marine x3  
  113  9:31  Marine  
  127  9:45  Marine  
  122  9:46  Marine x6  
  122  9:47  Marine x3  
  122  9:48  Marine x4  
  133  10:03  Marine x3  
  133  10:04  Marine x7  
  133  10:06  Marine x4  
  112  10:20  Marine  
  112  10:21  Marine x7  
  114  10:22  Marine x7  
  114  10:23  Marine  
  114  10:24  Marine x3  
  119  10:38  Marine x3  
  119  10:39  Marine x7  
  119  10:40  Marine x5  
  119  10:41  Marine x2  
  119  10:42  Marine x2  
  130  10:56  Marine x4  
  130  10:57  Barracks x2, Marine x7  
  134  10:58  Barracks, Marine x4  
  134  10:59  Barracks x2, Marine x3  
  134  11:00  Marine  
  149  11:14  Marine x6  
  149  11:15  Marine x6  
  149  11:16  Marine x3  
  149  11:17  Marine x4  
  159  11:32  Marine x7  
  124  11:33  Marine x7  
  124  11:34  Marine  
  124  11:35  Marine x4  
  125  11:44  Marine x2  
  125  11:45  Marine x3  
  130  11:49  Marine  
  130  11:50  Marine x7  
  130  11:51  Marine x7  
  130  11:52  Marine  
  130  11:53  Marine x3  
  149  12:01  Marine  
  149  12:02  Marine  
  149  12:03  Marine x3  
  149  12:07  Marine x3, Command Center  
  149  12:08  Marine x7  
  159  12:09  Marine x5  
  159  12:10  Marine x2  
  159  12:11  Marine x2  
  173  12:19  Marine x2  
  173  12:20  Marine  
  173  12:21  Marine x2  
  178  12:23  Command Center  
Show
View Real Time Build Order
Export as new Build Order

Laszaka Terran 

Build Orders: Command Center First (CC), MMM Bio 

Get SALT Encoding   

  12  0:00  SCV  
  13  0:13  SCV  
  14  0:18  Supply Depot  
  14  0:25  SCV  
  15  0:39  SCV  
  16  0:52  SCV  
  17  1:03  Command Center  
  17  1:04  SCV  
  18  1:16  SCV  
  19  1:19  Barracks  
  19  1:24  Refinery  
  19  1:29  SCV  
  20  1:37  Supply Depot  
  20  1:41  SCV  
  21  1:49  Barracks  
  21  1:53  SCV  
  22  2:07  Orbital Command  
  22  2:12  Barracks Tech Lab  
  22  2:16  SCV  
  23  2:28  SCV  
  24  2:30  Barracks  
  24  2:33  Marine  
  26  2:37  SCV  
  26  2:40  SCV  
  26  2:42  Barracks Reactor  
  27  2:49  SCV  
  27  2:51  Bunker, Marine  
  28  2:54  Orbital Command  
  29  3:01  SCV  
  30  3:09  Marine  
  30  3:11  Combat Shields  
  31  3:13  SCV  
  32  3:20  Barracks, Marine, Barracks Reactor  
  32  3:21  Marine  
  32  3:23  SCV  
  32  3:25  SCV  
  36  3:31  Marine  
  37  3:35  SCV  
  37  3:37  SCV  
  39  3:41  Engineering Bay  
  39  3:45  Marine x2  
  39  3:47  SCV  
  42  3:49  SCV, Marine  
  44  3:56  Marine  
  44  3:57  Marine  
  46  4:04  Barracks  
  46  4:05  Supply Depot  
  46  4:25  Supply Depot  
  46  4:26  Command Center  
  46  4:27  SCV x2, Marine x5  
  46  4:28  Supply Depot  
  46  4:29  Marine  
  48  4:39  SCV x2  
  48  4:45  Marine x4  
  54  4:46  Marine  
  54  4:47  Marine  
  54  4:50  Bunker  
  54  4:51  SCV x2  
  58  4:57  Barracks Reactor  
  58  5:02  Marine x4  
  58  5:03  SCV x2  
  58  5:04  Marine  
  65  5:11  Engineering Bay  
  65  5:13  Supply Depot, Terran Infantry Weapons Level 1  
  65  5:14  Supply Depot, Stimpack  
  65  5:19  Barracks Reactor  
  65  5:20  Marine x2  
  67  5:21  SCV  
  67  5:22  SCV  
  67  5:25  Marine  
  70  5:34  Marine x2  
  70  5:35  SCV x2, Marine x2  
  74  5:38  Marine x2  
  78  5:42  Marine  
  78  5:44  Supply Depot  
  78  5:45  Supply Depot, Orbital Command  
  78  5:47  SCV x2  
  81  5:52  Marine x2  
  81  5:53  Marine x2  
  85  5:57  Barracks  
  85  5:59  SCV x2, Marine x4  
  91  6:06  Marine  
  91  6:10  Marine x2  
  91  6:11  SCV x2, Terran Infantry Armor Level 1  
  96  6:18  Marine x5  
  99  6:23  SCV x2  
  103  6:27  Factory  
  103  6:29  Marine x2  
  103  6:31  Marine  
  103  6:32  Marine, Command Center  
  107  6:35  SCV x2  
  109  6:47  SCV x2  
  109  6:51  Marine x5  
  109  6:52  Marine x4  
  115  6:55  SCV  
  115  6:59  SCV x2, Barracks Reactor  
  103  7:07  SCV  
  90  7:09  Marine x6  
  90  7:10  Marine x3  
  90  7:14  Barracks  
  99  7:21  Barracks  
  99  7:23  Barracks  
  99  7:26  Marine  
  99  7:27  Marine x5  
  99  7:28  Marine x3  
  108  7:38  Supply Depot x2  
  108  7:40  Supply Depot  
  108  7:42  Supply Depot, Marine x2  
  108  7:43  Supply Depot  
  108  7:44  Supply Depot, Marine x2  
  110  7:45  Marine x4  
  110  7:46  Supply Depot  
  116  7:56  Armory  
  116  7:57  Orbital Command  
  116  8:01  Marine x4  
  116  8:02  Marine x4  
  116  8:03  Marine x3  
  127  8:17  Barracks Reactor  
  127  8:18  Barracks Reactor x2  
  127  8:19  Marine x5  
  131  8:20  Marine x4  
  131  8:21  Marine x2  
  131  8:24  Command Center  
  138  8:37  Marine x5  
  138  8:38  Marine x5  
  138  8:39  Marine  
  149  8:47  Barracks  
  127  8:50  Barracks  
  127  8:51  Barracks  
  102  8:56  Marine  
  102  8:57  Marine x16  
  100  9:14  Marine  
  100  9:15  Marine x16  
  105  9:32  Marine x3, Orbital Command  
  105  9:33  Marine x14  
  105  9:35  Barracks Reactor  
  105  9:36  Barracks Reactor  
  105  9:37  Barracks Reactor  
  111  9:50  Barracks, Marine x6  
  109  9:54  Barracks  
  109  9:56  Barracks  
  91  10:04  Marine x11  
  77  10:08  Marine x6  
  77  10:11  Marine x2  
  77  10:12  Marine  
  75  10:21  Marine  
  75  10:22  Marine x10  
  75  10:25  Marine  
  75  10:26  Marine x8  
  89  10:29  Marine x2  
  89  10:30  Marine  
  83  10:39  Marine  
  83  10:40  Marine x10  
  92  10:43  Marine  
  92  10:44  Marine x8  
  92  10:47  Marine x3  
  104  10:57  Marine x3  
  104  10:58  Marine x8  
  104  11:01  Marine  
  104  11:02  SCV x4  
  120  11:06  Marine  
  120  11:07  Marine x2  
  123  11:14  SCV  
  123  11:15  SCV x3  
  127  11:23  Marine  
  127  11:24  Marine x8  
  129  11:26  SCV  
  94  11:34  Marine x4  
  94  11:35  Marine x6  
  100  11:45  Marine  
  100  11:46  Marine x6  
  107  11:54  Orbital Command  
  107  11:56  Marine x2  
  107  11:57  Marine x4  
  107  11:59  Barracks Reactor  
  113  12:10  Marine x5  
  113  12:11  Marine  
  113  12:12  Marine x2  
Tags
 
Add a new tag
Caveats
  • Supply blocks, unpowered buildings, or Contaminate may cause inaccurate times.
  • Supply counts are checked every 10 seconds.